Map: Orbital Shipyard

Players

capac - Winner!

  • Race: Terran Terran
  • League: Gold

A.I. 1 (Very Hard)

  • Race: Protoss Protoss

VOD

Have the link to the VOD?

Description

Time

  • Played on: Dec. 2, 2015, 2:45 p.m.
  • Length: 14:20
Show
View Real Time Build Order
Export as new Build Order

capac Terran - Winner!

Build Orders: MMM Bio 

Get SALT Encoding   

  12  0:01  SCV  
  13  0:13  SCV  
  14  0:18  Supply Depot  
  14  0:25  SCV  
  15  0:39  SCV  
  15  0:41  Barracks  
  16  0:46  Refinery  
  16  0:51  SCV  
  17  1:03  SCV  
  18  1:16  SCV  
  19  1:31  Orbital Command  
  19  1:35  Barracks Reactor  
  19  1:37  Supply Depot  
  19  2:00  SCV  
  20  2:04  Command Center  
  20  2:13  Factory  
  19  2:19  Marine x2  
  21  2:23  SCV  
  22  2:35  SCV  
  22  2:37  Marine x2  
  25  2:48  Refinery  
  25  2:55  Marine  
  25  2:56  Marine  
  27  3:02  Factory Tech Lab  
  27  3:04  Starport  
  27  3:08  SCV  
  28  3:22  Marine x2, Command Center  
  30  3:30  SCV  
  31  3:35  Orbital Command  
  31  3:43  SCV  
  31  3:45  Siege Tank  
  35  3:54  Barracks  
  35  3:57  SCV  
  36  4:06  SCV  
  36  4:09  SCV  
  38  4:14  Marine  
  38  4:15  Marine  
  40  4:18  Medivac  
  40  4:23  SCV x2  
  44  4:30  Supply Depot  
  44  4:36  Orbital Command  
  44  4:39  Liberator  
  44  4:44  Barracks Tech Lab, Barracks  
  44  4:47  Barracks, Marine x2  
  46  4:57  SCV x2  
  51  5:01  Supply Depot  
  51  5:04  Refinery, SCV  
  52  5:08  Siege Tank  
  55  5:18  SCV x2  
  55  5:19  SCV  
  58  5:25  Marine x2  
  58  5:27  Marauder  
  62  5:28  Stimpack  
  62  5:31  Supply Depot  
  62  5:32  SCV  
  62  5:33  SCV  
  64  5:36  Barracks Reactor x2  
  64  5:43  Refinery  
  64  5:46  Starport Reactor  
  64  5:51  SCV x2, Orbital Command  
  64  5:53  Marine x2  
  64  5:54  Marauder  
  70  5:58  Supply Depot  
  70  6:20  SCV  
  70  6:21  Supply Depot  
  71  6:28  Siege Tank  
  71  6:30  Medivac x2  
  71  6:32  SCV x3  
  81  6:34  Marine x3  
  81  6:35  Marine x2  
  81  6:36  Marine  
  87  6:44  SCV x2  
  87  6:45  SCV  
  90  6:55  Liberator x2  
  90  6:56  SCV x2  
  90  6:59  Marauder, Marine  
  90  7:00  Marine x4  
  99  7:01  Marine  
  99  7:02  SCV  
  101  7:12  SCV x2  
  101  7:14  Supply Depot  
  101  7:15  Supply Depot  
  109  7:31  Combat Shields  
  109  7:35  Marine x2  
  109  7:36  Marauder, Marine x4, Siege Tank, SCV x3  
  123  7:43  Supply Depot  
  123  7:48  Supply Depot, SCV x2  
  125  7:52  Liberator x2  
  125  8:05  Marauder, Marine x5, SCV  
  133  8:06  Engineering Bay x2  
  133  8:07  Refinery  
  133  8:09  Refinery, Marine  
  133  8:11  Supply Depot  
  140  8:17  SCV  
  141  8:33  Barracks, Marine x4, Siege Tank, SCV  
  149  8:36  Barracks  
  149  8:38  Supply Depot, Barracks  
  149  8:40  Supply Depot  
  149  8:43  Liberator x2  
  149  8:47  Terran Infantry Weapons Level 1, Terran Infantry Armor Level 1  
  149  9:00  Marine x2  
  149  9:02  Marine x3, SCV x3  
  163  9:05  Supply Depot  
  163  9:10  Concussive Shells  
  163  9:17  Siege Tank  
  163  9:19  Marine x2  
  163  9:22  Barracks Reactor  
  163  9:24  Barracks Tech Lab  
  168  9:25  Barracks Tech Lab x2  
  168  9:35  Supply Depot  
  168  9:37  Marine x3  
  148  10:02  Missile Turret  
  148  10:24  Command Center  
  148  10:26  Marine  
  151  10:28  Marauder  
  151  10:29  Marauder x3  
  151  10:30  Marine  
  151  10:31  Marine x4  
  162  10:42  Armory  
  162  10:43  Armory  
  162  10:44  Marine  
  162  10:47  Siege Tank  
  162  10:48  Marine x2  
  162  10:49  Marine x3  
  173  10:50  Marauder x3  
  177  11:08  Medivac x2  
  181  11:33  Marine x5  
  181  11:34  Marine  
  181  11:35  Marauder x3  
  181  11:38  Terran Infantry Weapons Level 2, Terran Infantry Armor Level 2, Medivac x2  
  197  11:43  Terran Vehicle Weapons Level 1, Terran Vehicle And Ship Armor Level 1  
  172  13:25  Marine x3  
  172  13:26  Marine x3  
  172  13:27  Marauder  
Show
View Real Time Build Order
Export as new Build Order

A.I. 1 (Very Hard) Protoss 

Build Orders: Zealot Archon 

Get SALT Encoding   

  12  0:01  Probe (Chrono Boost)  
  13  0:11  Probe (Chrono Boost)  
  14  0:20  Pylon  
  14  0:22  Probe (Chrono Boost)  
  15  0:38  Probe (Chrono Boost)  
  16  0:46  Assimilator  
  16  0:49  Probe (Chrono Boost), Gateway  
  17  0:59  Pylon  
  17  1:00  Probe (Chrono Boost)  
  18  1:10  Probe (Chrono Boost)  
  19  1:21  Probe (Chrono Boost)  
  20  1:32  Probe (Chrono Boost)  
  21  1:34  Zealot  
  23  1:43  Probe (Chrono Boost)  
  24  1:49  Gateway  
  24  1:52  Cybernetics Core  
  25  1:54  Probe (Chrono Boost), Pylon  
  25  1:59  Zealot  
  25  2:06  Probe (Chrono Boost)  
  28  2:17  Probe (Chrono Boost), Assimilator  
  29  2:26  Warp Gate  
  29  2:28  Adept  
  29  2:29  Probe (Chrono Boost)  
  32  2:34  Adept  
  34  2:40  Probe (Chrono Boost)  
  35  2:44  Pylon  
  36  2:51  Probe (Chrono Boost)  
  36  2:54  Adept  
  38  3:01  Sentry  
  38  3:03  Probe (Chrono Boost)  
  41  3:15  Probe (Chrono Boost)  
  42  3:21  Nexus  
  42  3:26  Stalker  
  42  3:33  Stalker  
  46  3:44  Gateway  
  46  4:32  Stalker x2  
  46  4:33  Probe (Chrono Boost)  
  46  4:34  Probe (Chrono Boost), Gateway  
  52  4:38  Stalker  
  52  4:45  Probe (Chrono Boost)  
  56  4:46  Probe (Chrono Boost)  
  56  4:54  Stalker  
  56  4:56  Probe (Chrono Boost)  
  56  4:57  Probe (Chrono Boost)  
  56  4:58  Pylon  
  60  5:04  Pylon  
  61  5:07  Probe (Chrono Boost)  
  61  5:08  Probe (Chrono Boost)  
  62  5:16  Stalker x2  
  62  5:19  Probe x2 (Chrono Boost)  
  68  5:22  Stalker  
  68  5:27  Stalker  
  72  5:30  Probe (Chrono Boost)  
  72  5:31  Probe (Chrono Boost)  
  72  5:33  Pylon  
  74  5:41  Probe (Chrono Boost)  
  74  5:42  Probe (Chrono Boost)  
  76  5:43  Pylon  
  76  5:46  Twilight Council  
  76  5:51  Zealot, Sentry  
  76  5:53  Probe x2 (Chrono Boost)  
  76  5:55  Robotics Facility  
  83  6:04  Probe (Chrono Boost)  
  83  6:06  Pylon  
  83  6:12  Assimilator  
  83  6:17  Assimilator  
  83  6:26  Templar Archives  
  83  6:32  Nexus, Pylon  
  83  6:34  Probe (Chrono Boost)  
  83  6:35  Probe (Chrono Boost)  
  85  6:45  Probe x2 (Chrono Boost)  
  87  6:56  Probe (Chrono Boost), Forge  
  87  6:58  Psionic Storm  
  88  7:03  Forge  
  88  7:04  High Templar x2  
  92  7:10  Observer  
  92  7:14  Gateway  
  93  7:18  Archon, Zealot  
  95  7:25  High Templar  
  97  7:33  Pylon  
  97  7:34  Photon Cannon  
  97  7:36  Pylon  
  97  7:40  High Templar  
  99  7:45  Probe x2 (Chrono Boost)  
  99  7:46  Probe (Chrono Boost)  
  102  7:52  Archon  
  102  7:54  High Templar, Assimilator  
  102  7:55  Pylon  
  102  7:57  Probe x2 (Chrono Boost)  
  102  7:58  Probe (Chrono Boost), Assimilator  
  107  7:59  Photon Cannon  
  107  8:01  Photon Cannon  
  107  8:08  Probe (Chrono Boost)  
  107  8:09  Probe x2 (Chrono Boost), High Templar  
  111  8:13  Archon  
  111  8:14  Photon Cannon  
  111  8:18  Pylon  
  111  8:19  Probe (Chrono Boost)  
  113  8:20  Probe (Chrono Boost)  
  113  8:22  Probe (Chrono Boost), High Templar  
  116  8:30  Probe (Chrono Boost)  
  116  8:31  Probe (Chrono Boost)  
  116  8:32  High Templar  
  116  8:33  Probe (Chrono Boost)  
  121  8:36  Archon  
  121  8:39  Photon Cannon  
  122  8:41  Photon Cannon  
  122  8:42  Probe (Chrono Boost), High Templar  
  122  8:43  Probe (Chrono Boost)  
  122  8:44  Probe (Chrono Boost)  
  122  8:45  Warp Prism  
  126  8:51  High Templar  
  130  9:01  High Templar  
  132  9:06  Archon  
  132  9:07  Gateway  
  132  9:10  High Templar  
  132  9:11  Photon Cannon  
  134  9:18  Zealot  
  134  9:19  High Templar  
  134  9:20  Warp Prism  
  134  9:23  Archon  
  134  9:24  Zealot  
  142  9:25  Pylon  
  142  9:26  Nexus  
  142  9:28  Photon Cannon  
  142  9:30  High Templar  
  144  9:32  Photon Cannon  
  144  9:37  Zealot  
  144  9:40  Zealot  
  144  9:42  Zealot  
  110  9:49  Zealot  
  97  9:54  Immortal  
  97  9:56  Stalker  
  97  9:59  Zealot  
  105  10:00  Stalker  
  105  10:01  Zealot  
  105  10:02  Zealot  
  111  10:08  Zealot  
  111  10:15  Probe (Chrono Boost)  
  111  10:16  Probe (Chrono Boost)  
  111  10:17  Adept  
  111  10:18  Probe (Chrono Boost)  
  111  10:19  Zealot  
  111  10:20  Sentry  
  116  10:21  Adept  
  116  10:22  Stalker  
  116  10:26  Probe (Chrono Boost), Sentry  
  116  10:27  Probe (Chrono Boost)  
  124  10:30  Immortal  
  128  10:36  Stalker  
  128  10:39  Probe x2 (Chrono Boost), Zealot  
  128  10:40  Zealot  
  136  10:43  Zealot  
  136  10:44  High Templar  
  136  10:48  Stalker  
  142  10:50  Assimilator  
  142  10:52  Archon  
  142  10:55  Assimilator  
  142  10:57  High Templar, Stalker, Pylon  
  142  10:59  Zealot  
  142  11:02  Stargate  
  142  11:03  Zealot  
  150  11:07  Observer  
  150  11:09  High Templar  
  153  11:14  Zealot  
  153  11:15  Photon Cannon  
  153  11:17  Photon Cannon, Stalker  
  153  11:18  Archon  
  157  11:19  High Templar, Pylon  
  157  11:25  Immortal  
  159  11:29  High Templar  
  165  11:37  Archon  
  165  11:38  Photon Cannon, High Templar  
  167  11:45  High Templar  
  167  11:46  Phoenix  
  169  11:54  Archon  
  171  11:56  High Templar  
  171  11:59  Zealot, Pylon  
  171  12:00  Zealot  
  177  12:03  Probe (Chrono Boost)  
  177  12:04  Observer  
  177  12:06  Probe (Chrono Boost)  
  177  12:07  Probe (Chrono Boost), High Templar  
  177  12:13  Zealot  
  177  12:15  Probe (Chrono Boost), Zealot  
  160  12:18  Probe x2 (Chrono Boost)  
  160  12:19  Zealot, Adept  
  103  12:23  Observer  
  103  12:25  Probe (Chrono Boost), Zealot  
  103  12:27  Archon  
  101  12:30  Probe x2 (Chrono Boost)  
  101  12:32  Stalker  
  101  12:33  Zealot  
  83  12:38  High Templar  
  83  12:39  Zealot x2  
  83  12:40  Probe (Chrono Boost)  
  83  12:42  Probe x2 (Chrono Boost)  
  58  12:45  Zealot  
  58  12:47  Zealot, Adept  
  45  12:52  Stalker  
  45  12:53  Adept  
  45  12:55  Nexus  
  49  12:59  High Templar  
  49  13:04  High Templar  
  52  13:07  Sentry, Zealot  
  54  13:15  Assimilator  
  54  13:16  High Templar  
  50  13:24  Pylon  
  35  13:51  Zealot  
Tags
 
Add a new tag
Caveats
  • Supply blocks, unpowered buildings, or Contaminate may cause inaccurate times.
  • Supply counts are checked every 10 seconds.